[Event "Team 45 45 League T39"]
[Site "Internet Chess Club"]
[Date "2008.12.10"]
[Round "8"]
[White "Fegary"]
[Black "Despair"]
[Result "1-0"]
[WhiteElo "2165"]
[BlackElo "1941"]
[Opening "Owen defense"]
[ECO "B00"]
[Time "20:00:21"]
[TimeControl "2700+45"]

1. e4 b6 2. d4 Bb7 3. Nc3 g6 4. Nf3 Bg7 5. Bd3 Nf6 6. Be3 d6 7. Qd2 O-O 8. Bh6
Bxh6 9. Qxh6 Nbd7 10. Ng5 c5 11. d5 Ne5 12. Be2 Qc8 13. h3 Rd8 14. f4 Ned7 15.
Bg4 Qb8 16. Nxf7 Rf8 17. Ng5 Qe8 18. Ne6 Rf7 19. Nc7 Qf8 20. Qxf8+ Raxf8 21. Be6
Rc8 22. Bxf7+ Kxf7 23. Ne6 Nf8 24. Ng5+ Kg7 25. g4 h6 26. Nf3 e6 27. O-O-O exd5
28. exd5 Re8 29. Rhe1 Rxe1 30. Nxe1 a6 31. Nf3 N8d7 32. g5 hxg5 33. fxg5 Ne8 34.
Re1 Kf7 35. a4 Nc7 36. Ne4 Bxd5 37. Nxd6+ Kg8 38. Ne5 Nf8 39. Ng4 Be6 40. Nf6+
Kh8 41. h4 {Black resigns} 1-0

[Event "Team 45 45 League T39"]
[Site "Internet Chess Club"]
[Date "2008.12.14"]
[Round "8"]
[White "oldsj"]
[Black "BigH"]
[Result "0-1"]
[WhiteElo "1619"]
[BlackElo "1758"]
[Opening "Sicilian: Pelikan (Lasker/Sveshnikov) variation"]
[ECO "B33"]
[Time "09:09:01"]
[TimeControl "2700+45"]

1. e4 c5 2. Nf3 Nc6 3. d4 cxd4 4. Nxd4 Nf6 5. Nc3 e5 6. Ndb5 d6 7. Nd5 Nxd5 8.
Qxd5 Be6 9. Qd1 d5 10. exd5 Bxd5 11. Qxd5 Nb4 12. Qxe5+ Be7 13. Qe4 Qa5 14. Nc3
O-O 15. Be2 Rfe8 16. O-O Bd6 17. Qf3 Qe5 18. g3 Nxc2 19. Rb1 Nd4 20. Qe3 Nxe2+
21. Nxe2 Qf5 22. Qd2 Qxb1 23. Nc3 Qg6 24. Qd5 b6 25. Bd2 Rad8 26. Qf3 Bc5 27.
Nb5 Rxd2 28. Nc7 Red8 {White resigns} 0-1

[Event "Team 45 45 League T39"]
[Site "Internet Chess Club"]
[Date "2008.12.15"]
[Round "8"]
[White "pelayo"]
[Black "rom1"]
[Result "0-1"]
[WhiteElo "1567"]
[BlackElo "1572"]
[Opening "English opening"]
[ECO "A05"]
[Time "18:54:25"]
[TimeControl "2700+45"]

1. Nf3 Nf6 2. c4 g6 3. b3 Bg7 4. Bb2 c5 5. g3 Nc6 6. Bg2 O-O 7. O-O e6 8. d4
cxd4 9. Nxd4 Nxd4 10. Bxd4 Qc7 11. Nc3 d6 12. Rc1 Bd7 13. Nb5 Qb8 14. Bxf6 Bxf6
15. Qxd6 Qxd6 16. Nxd6 Bc6 17. Bxc6 bxc6 18. Ne4 Be7 19. Rfd1 Rfd8 20. c5 a5 21.
a3 Rab8 22. Rxd8+ Bxd8 23. Rd1 Be7 24. Rd7 Kf8 25. Rd3 Rb5 26. a4 Rb8 27. Nd6 e5
28. e4 Rb4 29. f3 Bxd6 30. cxd6 Rd4 31. Rxd4 exd4 32. Kf2 Ke8 33. Ke2 Kd7 34.
Kd3 c5 35. e5 f6 36. f4 f5 37. b4 axb4 38. a5 b3 39. a6 c4+ 40. Kd2 c3+ 41. Kc1
d3 42. a7 b2+ 43. Kb1 d2 44. a8=Q d1=Q+ {White resigns} 0-1

[Event "Team 45 45 League T39"]
[Site "Internet Chess Club"]
[Date "2008.12.14"]
[Round "8"]
[White "Fidius"]
[Black "Fezzik"]
[Result "1-0"]
[WhiteElo "2042"]
[BlackElo "1984"]
[Opening "French: exchange variation"]
[ECO "C01"]
[Time "20:32:53"]
[TimeControl "2700+45"]

1. e4 e6 2. d4 d5 3. exd5 exd5 4. Nf3 Bd6 5. Bd3 Ne7 6. O-O Bg4 7. Re1 Nc6 8. c3
Qd7 9. h3 Bh5 10. Na3 a6 11. Nc2 f6 12. c4 dxc4 13. Bxc4 Bf7 14. Bxf7+ Kxf7 15.
Ne3 Kf8 16. Bd2 Re8 17. Qb3 Bf4 18. Qxb7 Nxd4 19. Nxd4 Qxd4 20. Bb4 Qb6 21. Qxb6
cxb6 22. Nd5 Be5 23. Bxe7+ Rxe7 24. Nxe7 Kxe7 25. f4 Rc8 26. fxe5 {Black
resigns} 1-0

[Event "Team 45 45 League T39"]
[Site "Internet Chess Club"]
[Date "2008.12.13"]
[Round "8"]
[White "PJ"]
[Black "hewdondada"]
[Result "0-1"]
[WhiteElo "1763"]
[BlackElo "1882"]
[Opening "Scandinavian (center counter) defense"]
[ECO "B01"]
[Time "05:00:36"]
[TimeControl "2700+45"]

1. e4 d5 2. exd5 Qxd5 3. Nc3 Qa5 4. d4 Nf6 5. Nf3 c6 6. Bd2 Bf5 7. Bc4 e6 8. O-O
Bb4 9. a3 Bxc3 10. Bxc3 Qc7 11. b4 O-O 12. Bd3 Bxd3 13. Qxd3 Nbd7 14. Bb2 Rad8
15. Qe2 Rfe8 16. Rfe1 Nb6 17. c4 Nc8 18. Rad1 Nd6 19. Qd3 Nf5 20. d5 cxd5 21.
Bxf6 gxf6 22. Qc3 e5 23. g4 Ng7 24. c5 Qc6 25. Nh4 Qe6 26. Qg3 Kh8 27. Kh1 d4
28. Nf3 Qb3 29. Nxe5 Qd5+ 30. Nf3 d3 31. Kg1 Rxe1+ 32. Nxe1 d2 33. Nf3 Nh5 34.
Qc7 Qxf3 35. Qxd8+ Kg7 36. Qxd2 Nf4 {White resigns} 0-1

[Event "Team 45 45 League T39"]
[Site "Internet Chess Club"]
[Date "2008.12.14"]
[Round "8"]
[White "mugurelt"]
[Black "AronT"]
[Result "0-1"]
[WhiteElo "1650"]
[BlackElo "1780"]
[Opening "English opening"]
[ECO "A20"]
[Time "20:04:50"]
[TimeControl "2700+45"]

1. c4 e5 2. g3 Nf6 3. d4 exd4 4. Qxd4 Nc6 5. Qd1 Bc5 6. Bg2 O-O 7. Nf3 Re8 8.
O-O d6 9. Nc3 Be6 10. b3 Qd7 11. Bb2 Bh3 12. Nd5 Nxd5 13. cxd5 Ne5 14. Qc2 Nxf3+
15. exf3 Bxg2 16. Kxg2 f6 17. Rfe1 Re7 18. Bc3 Rae8 19. Bd2 Re2 20. Rf1 R8e5 21.
Rae1 Rxe1 22. Rxe1 Rxd5 23. Qc4 c6 24. b4 Bb6 25. f4 Kf8 26. Be3 Bxe3 27. Rxe3
Qf5 28. Qe2 Qh5 29. g4 Qf7 30. Qc2 f5 31. g5 Rd4 32. Rd3 Qd5+ {White resigns}
0-1

[Event "Team 45 45 League T39"]
[Site "Internet Chess Club"]
[Date "2008.12.14"]
[Round "8"]
[White "Thersites"]
[Black "RD1974"]
[Result "1/2-1/2"]
[WhiteElo "1728"]
[BlackElo "1600"]
[Opening "Scandinavian (center counter) defense"]
[ECO "B01"]
[Time "19:01:40"]
[TimeControl "2700+45"]

1. e4 d5 2. exd5 Qxd5 3. Nf3 Nf6 4. d4 a6 5. c4 Qd6 6. h3 c5 7. d5 e6 8. Nc3 h6
9. Be3 Be7 10. Bd3 exd5 11. cxd5 O-O 12. Rc1 b5 13. Ne4 Nxe4 14. Bxe4 c4 15. O-O
Nd7 16. Bd4 Nf6 17. Be5 Qb4 18. a3 Qc5 19. b4 Qb6 20. Bd4 Qd8 21. d6 Nxe4 22.
dxe7 Qxe7 23. Re1 Rd8 24. Qe2 Bb7 25. Bb2 Rd7 26. Nd4 Qg5 27. Nf3 Qe7 28. Nd4
Qg5 29. Nf3 Qe7 30. Nd4 {Game drawn by repetition} 1/2-1/2

[Event "Team 45 45 League T39"]
[Site "Internet Chess Club"]
[Date "2008.12.12"]
[Round "8"]
[White "Solfege"]
[Black "alastorx"]
[Result "1/2-1/2"]
[WhiteElo "1935"]
[BlackElo "1883"]
[Opening "French: Réti (Spielmann) variation"]
[ECO "A01"]
[Time "14:00:12"]
[TimeControl "2700+45"]

1. b3 e6 2. e4 d5 3. e5 c5 4. Nf3 Nc6 5. Bb2 Nge7 6. Nc3 Ng6 7. Bb5 Qc7 8. d4
cxd4 9. Qxd4 Bd7 10. Bxc6 bxc6 11. Qe3 c5 12. Qg5 Be7 13. Qh5 f5 14. Ne2 O-O-O
15. O-O d4 16. Rfe1 Bc6 17. a3 Bxf3 18. Qxf3 Nxe5 19. Qh3 g5 20. Qh6 Qd6 21. Ng3
Rdg8 22. a4 Rg6 23. Qh5 Ng4 24. h3 Rh6 25. Qf7 Rf8 26. Qg7 Rg6 27. Qxh7 Rh6 28.
Qg7 Rfh8 29. hxg4 Bf6 30. Qxa7 d3 31. Qa8+ Kc7 32. Qa5+ Kc8 33. cxd3 Bxb2 34.
Rab1 Bd4 35. Qa8+ Kc7 36. Qa7+ Kc8 37. Kf1 Qf4 38. Qa8+ Kc7 39. Qa7+ Kc8 40.
Qa8+ Kc7 {Game drawn by mutual agreement} 1/2-1/2

[Event "Team 45 45 League T39"]
[Site "Internet Chess Club"]
[Date "2008.12.13"]
[Round "8"]
[White "Egmont"]
[Black "Rainbird"]
[Result "0-1"]
[WhiteElo "1635"]
[BlackElo "1830"]
[Opening "Caro-Kann: exchange variation"]
[ECO "B13"]
[Time "10:00:44"]
[TimeControl "2700+45"]

1. e4 c6 2. d4 d5 3. exd5 cxd5 4. Bd3 Nc6 5. c3 Nf6 6. h3 Qc7 7. Bg5 e5 8. dxe5
Qxe5+ 9. Qe2 Qxe2+ 10. Nxe2 Ne4 11. Be3 Be7 12. Nd2 Nc5 13. Bc2 Ne6 14. Nf3 Bf6
15. Rd1 Nc7 16. Bc5 Be7 17. Bxe7 Kxe7 18. Ned4 Be6 19. O-O Rhe8 20. Rfe1 Kf8 21.
Ba4 Bd7 22. Rxe8+ Rxe8 23. Bb3 Na5 24. Bc2 Nc4 25. b3 Nd6 26. Kf1 Ne4 27. Bxe4
dxe4 28. Nd2 Nd5 29. c4 Nb4 30. a3 Nd3 31. Nxe4 Nb2 32. Re1 Nd3 33. Re3 Nf4 34.
Nc5 Bc8 35. Rxe8+ Kxe8 36. Nf5 Bxf5 {White resigns} 0-1

[Event "Team 45 45 League T39"]
[Site "Internet Chess Club"]
[Date "2008.12.14"]
[Round "8"]
[White "RealChosenOne"]
[Black "NFK"]
[Result "0-1"]
[WhiteElo "1772"]
[BlackElo "1707"]
[Opening "Sicilian: accelerated fianchetto, Maróczy bind, 6.Be3"]
[ECO "B38"]
[Time "13:58:53"]
[TimeControl "2700+45"]

1. e4 c5 2. Nf3 Nc6 3. d4 cxd4 4. Nxd4 g6 5. c4 Bg7 6. Be3 Nf6 7. Nc3 d6 8. Be2
Bd7 9. O-O Rc8 10. f3 Ne5 11. b3 O-O 12. Qd2 a6 13. Rac1 a5 14. Ncb5 Nc6 15. a3
Be8 16. Rc2 Nd7 17. Rfc1 Nc5 18. Rc3 a4 19. bxa4 Nxa4 20. Rb3 Nc5 21. Rbb1 Ra8
22. Nb3 b6 23. Rc2 Na5 24. Nxa5 Rxa5 25. Ra2 Bxb5 26. cxb5 Qa8 27. Bxc5 bxc5 28.
Qd3 Ra4 29. Qb3 Rd4 30. a4 Rb4 31. Qc2 Rxb1+ 32. Qxb1 Qa5 33. Kf1 Rb8 34. Qb3
Bd4 35. Bc4 e6 36. g4 Rd8 37. Ke2 d5 38. exd5 exd5 39. Bxd5 Re8+ 40. Be4 Kg7 41.
g5 Qc7 42. Kf1 Qf4 43. Qc2 Qxg5 44. Qg2 Qc1+ 45. Ke2 f5 46. Rc2 Qe3+ 47. Kd1
fxe4 48. fxe4 Rxe4 49. Re2 Qd3+ 50. Ke1 Bc3+ 51. Kf1 Qd1+ {White resigns} 0-1

[Event "Team 45 45 League T39"]
[Site "Internet Chess Club"]
[Date "2008.12.11"]
[Round "8"]
[White "BrerRabbit"]
[Black "Konstantinos"]
[Result "0-1"]
[WhiteElo "1615"]
[BlackElo "1675"]
[Opening "English opening"]
[ECO "A20"]
[Time "14:00:34"]
[TimeControl "2700+45"]

1. c4 e5 2. g3 d6 3. Bg2 Nc6 4. Nc3 Nf6 5. d3 Be7 6. Nf3 O-O 7. O-O Bg4 8. Be3
Qd7 9. a3 Bh3 10. b4 Bxg2 11. Kxg2 a6 12. Qc2 Ng4 13. Bd2 Nd4 14. Nxd4 exd4 15.
Nd1 c5 16. e3 Bf6 17. h3 dxe3 18. Rb1 exd2 19. hxg4 Qxg4 20. Qxd2 Rab8 21. Ne3
Qd7 22. Nd5 Bd4 23. Rfe1 Rfe8 24. Qc2 Rxe1 25. Rxe1 Re8 26. Rh1 h6 27. Rh4 b5
28. Kf1 Qd8 29. Qd1 bxc4 30. dxc4 Qc8 31. Qd3 Qc6 32. Rxd4 cxd4 33. Qxd4 Re6 34.
Qd3 Re8 35. Qc2 Qd7 36. Ne3 Qh3+ 37. Kg1 Re5 38. a4 Rh5 39. f3 Qh1+ 40. Kf2 Rh2+
41. Ng2 Qxg2+ {White resigns} 0-1

[Event "Team 45 45 League T39"]
[Site "Internet Chess Club"]
[Date "2008.12.14"]
[Round "8"]
[White "PawnMorphy"]
[Black "A-Ru"]
[Result "1-0"]
[WhiteElo "1893"]
[BlackElo "1803"]
[Opening "English opening: Agincourt variation"]
[ECO "A13"]
[Time "09:02:36"]
[TimeControl "2700+45"]

1. Nf3 e6 2. c4 d5 3. d4 c6 4. Qc2 Bd6 5. g3 Nd7 6. Bg2 Ngf6 7. O-O O-O 8. Nc3
b6 9. b3 Bb7 10. Bb2 Rc8 11. e4 dxe4 12. Nxe4 Be7 13. Rad1 Qc7 14. Rfe1 Nxe4 15.
Qxe4 c5 16. Qe2 cxd4 17. Nxd4 Bxg2 18. Nxe6 Qb7 19. Qg4 g6 20. Nxf8 Bxf8 21.
Qxd7 Rc7 22. Qd4 f6 23. Qxf6 Bg7 24. Rd8+ {Black resigns} 1-0

[Event "Team 45 45 League T39"]
[Site "Internet Chess Club"]
[Date "2008.12.11"]
[Round "8"]
[White "viking99"]
[Black "LAJ"]
[Result "0-1"]
[WhiteElo "1811"]
[BlackElo "1844"]
[Opening "Caro-Kann: classical, Spassky variation"]
[ECO "B19"]
[Time "18:00:11"]
[TimeControl "2700+45"]

1. e4 c6 2. d4 d5 3. Nd2 dxe4 4. Nxe4 Bf5 5. Ng3 Bg6 6. h4 h6 7. Nf3 Nd7 8. h5
Bh7 9. Bd3 Bxd3 10. Qxd3 e6 11. Bf4 Qa5+ 12. Bd2 Qc7 13. O-O-O Ngf6 14. Ne4
O-O-O 15. g3 Nc5 16. Nxc5 Bxc5 17. Bf4 Bd6 18. Bxd6 Rxd6 19. Rh4 Rhd8 20. Qa3
Kb8 21. c4 c5 22. Qc3 cxd4 23. Rdxd4 Rxd4 24. Rxd4 Rxd4 25. Nxd4 Qc5 26. b3 a6
27. b4 Qxh5 28. a4 e5 29. Nf3 Nd7 30. Qd3 Qg4 31. Qd6+ Ka7 32. Nxe5 Nxe5 33.
Qc5+ b6 34. Qc7+ Ka8 35. Qd8+ Kb7 36. Qd5+ Nc6 37. Qxf7+ Kc8 38. b5 axb5 39.
axb5 Nd8 40. f4 Nxf7 {White resigns} 0-1

[Event "Team 45 45 League T39"]
[Site "Internet Chess Club"]
[Date "2008.12.13"]
[Round "8"]
[White "Rlopez"]
[Black "Kingofknights"]
[Result "1-0"]
[WhiteElo "1678"]
[BlackElo "1833"]
[Opening "QGD Slav: Dutch variation"]
[ECO "D18"]
[Time "13:08:18"]
[TimeControl "2700+45"]

1. d4 d5 2. c4 c6 3. Nf3 Nf6 4. Nc3 dxc4 5. a4 Bf5 6. e3 Bd3 7. Bxd3 cxd3 8.
Qxd3 e6 9. O-O Be7 10. Qe2 O-O 11. Rd1 Qa5 12. Bd2 Qh5 13. e4 Na6 14. e5 Nd5 15.
Ne4 Rfd8 16. Ng3 Qg6 17. Qc4 Rac8 18. Qb3 Rd7 19. Rac1 Nab4 20. Bxb4 Nxb4 21.
Rc4 Nd5 22. a5 a6 23. Rdc1 h5 24. h4 Rcc7 25. Qc2 Qxc2 26. R1xc2 g6 27. Ne4 Kg7
28. Nc5 Bxc5 29. Rxc5 Nb4 30. R2c3 Nd5 31. Rc2 Ne7 32. g3 Nf5 33. Rd2 Rd5 34.
Kf1 Rcd7 35. Rxd5 cxd5 36. Rc2 Ne7 37. Rc5 Nc6 38. Ke2 f6 39. Ke3 fxe5 40. Nxe5
Nxe5 41. dxe5 Kf7 42. Kd4 Ke7 43. Rc8 Rd8 44. Rc7+ Rd7 45. Rc8 Kf7 46. Rh8 Kg7
47. Re8 Kf7 48. Rh8 Re7 49. Rc8 Rd7 50. Rh8 Kg7 51. Rc8 Re7 52. Kd3 Kh6 53. Rh8+
Kg7 54. Rc8 Kf7 55. Kd4 Rd7 56. Rh8 Kg7 57. Rc8 Kf7 58. Rh8 Re7 59. Rc8 b6 60.
axb6 Rb7 61. Rc7+ {Black resigns} 1-0

[Event "Team 45 45 League T39"]
[Site "Internet Chess Club"]
[Date "2008.12.13"]
[Round "8"]
[White "DaveTheRook"]
[Black "hondocando"]
[Result "1-0"]
[WhiteElo "1696"]
[BlackElo "1713"]
[Opening "QGD Slav defense: exchange variation"]
[ECO "D10"]
[Time "18:15:21"]
[TimeControl "2700+45"]

1. d4 d5 2. c4 c6 3. cxd5 cxd5 4. Nf3 Nc6 5. Nc3 e6 6. Bg5 Be7 7. Bxe7 Ngxe7 8.
e3 O-O 9. a3 a5 10. Bd3 f5 11. O-O b6 12. Qe2 Ng6 13. Rac1 Bd7 14. Rc2 Nce7 15.
Rfc1 f4 16. Nb5 Kh8 17. Nc7 Ra7 18. Ng5 Rf6 19. Qh5 h6 20. Bxg6 Nxg6 21. Ncxe6
Rxe6 22. Nf7+ Kh7 23. Nxd8 Re8 24. Nf7 Nf8 25. Ne5 g6 26. Qf3 Ne6 27. Nxd7 Rxd7
28. Rc8 Ree7 29. h3 fxe3 30. fxe3 Rf7 31. Qg3 Ng5 32. R8c7 Ne4 33. Rxd7 Nxg3 34.
Rxf7+ Kg8 35. Rf2 Ne4 36. Rc8+ Kg7 37. Rc7+ Kg8 38. Rfc2 Nd6 39. Rc8+ Nxc8 40.
Rxc8+ Kf7 {Black resigns} 1-0

[Event "Team 45 45 League T39"]
[Site "Internet Chess Club"]
[Date "2008.12.11"]
[Round "8"]
[White "BigH"]
[Black "Qui"]
[Result "0-1"]
[WhiteElo "1747"]
[BlackElo "1932"]
[Opening "Sicilian"]
[ECO "B50"]
[Time "12:30:19"]
[TimeControl "2700+45"]

1. e4 c5 2. Nf3 d6 3. Nc3 Nc6 4. Bc4 a6 5. a4 Bg4 6. Bxf7+ Kxf7 7. Ng5+ Ke8 8.
Qxg4 Nf6 9. Qd1 Qd7 10. O-O h6 11. Nh3 g5 12. Nd5 Nxd5 13. exd5 Ne5 14. Qh5+ Nf7
15. Re1 Bg7 16. Ra3 Rf8 17. Rae3 Bf6 18. b3 Kd8 19. d3 Kc7 20. Qe2 Rae8 21. c4
Ne5 22. f4 Ng6 23. fxg5 Bd4 24. gxh6 e6 25. Bb2 Bxe3+ 26. Qxe3 exd5 27. Qg3 d4
28. Rxe8 Qxe8 29. Ng5 Nf4 30. Kh1 Nh5 {White resigns} 0-1

[Event "Team 45 45 League T39"]
[Site "Internet Chess Club"]
[Date "2008.12.13"]
[Round "8"]
[White "pestka"]
[Black "Ser-Enigma"]
[Result "1/2-1/2"]
[WhiteElo "2232"]
[BlackElo "2175"]
[Opening "Old Indian: main line"]
[ECO "A55"]
[Time "15:02:44"]
[TimeControl "2700+45"]

1. d4 d6 2. c4 Nf6 3. Nc3 Nbd7 4. e4 e5 5. Nf3 Be7 6. Be2 O-O 7. O-O c6 8. Rb1
a6 9. b4 b5 10. a4 bxa4 11. Qxa4 Qc7 12. Be3 Bb7 13. Rfc1 Rfe8 14. d5 c5 15. Nd2
Reb8 16. Rc2 Bc8 17. Rcb2 Bd8 18. Qc6 cxb4 19. Rxb4 Rxb4 20. Rxb4 Rb8 21. Qxc7
Bxc7 22. Rxb8 Bxb8 23. Nb3 Bc7 24. f3 Kf8 25. Kf2 Ke7 26. Ke1 h6 27. Kd2 Nh5 28.
g3 g5 29. Na4 Nhf6 30. g4 Ne8 31. Kc3 a5 32. Kd3 Ba6 33. Bd2 Nb6 34. Nxb6 Bxb6
35. Bxa5 Bg1 36. h3 Nf6 37. Kd2 Nd7 38. Bb4 Nc5 39. Nxc5 dxc5 40. Bc3 f6 41. Kd3
Bc8 42. Bd1 Bd7 43. Ba5 Be8 44. Be1 h5 45. gxh5 Bxh5 46. h4 gxh4 47. Bxh4 Bd4
48. Ke2 Be8 49. Kf1 Bd7 50. Kg2 Kf7 51. Be1 f5 52. exf5 Bxf5 53. Ba4 e4 54. d6
exf3+ 55. Kxf3 Bf6 56. Bf2 Bd3 57. Bb5 Ke6 58. Bxc5 Be5 59. Ke3 Bxd6 60. Bxd6
Bxc4 61. Bxc4+ Kxd6 {Game drawn because neither player has mating material}
1/2-1/2

[Event "Team 45 45 League T39"]
[Site "Internet Chess Club"]
[Date "2008.12.13"]
[Round "8"]
[White "mcplayerus"]
[Black "eurander"]
[Result "0-1"]
[WhiteElo "2002"]
[BlackElo "2245"]
[Opening "Grünfeld: 5.e3"]
[ECO "D94"]
[Time "10:00:08"]
[TimeControl "2700+45"]

1. d4 Nf6 2. c4 g6 3. Nf3 Bg7 4. Nc3 d5 5. e3 O-O 6. Be2 c5 7. cxd5 Nxd5 8. O-O
Nc6 9. Qb3 Nxc3 10. bxc3 Na5 11. Qc2 Be6 12. Ng5 Bc4 13. Bxc4 Nxc4 14. Qe4 b5
15. a4 e6 16. h4 cxd4 17. exd4 b4 18. Bf4 bxc3 19. Rad1 Nb2 20. Be5 Nxd1 21.
Bxg7 Kxg7 22. Rxd1 Qd5 23. Qc2 Rac8 24. Ne4 Rfd8 25. f4 Rc4 26. h5 Rxd4 27. h6+
Kxh6 28. Re1 Rd1 29. Nf6 Rxe1+ 30. Kh2 Rh1+ {White resigns} 0-1

[Event "Team 45 45 League T39"]
[Site "Internet Chess Club"]
[Date "2008.12.13"]
[Round "8"]
[White "VanillaQueen"]
[Black "Pawntrader66"]
[Result "1-0"]
[WhiteElo "1922"]
[BlackElo "1962"]
[Opening "Dunst (Sleipner, Heinrichsen) opening"]
[ECO "A00"]
[Time "12:44:14"]
[TimeControl "2700+45"]

1. Nc3 c5 2. Nf3 Nc6 3. d4 cxd4 4. Nxd4 Nf6 5. g3 g6 6. Bg2 Bg7 7. O-O O-O 8.
Nb3 d6 9. e4 Bd7 10. Re1 Rc8 11. Nd5 Ne5 12. c3 Bb5 13. Nd4 Bc4 14. Nxf6+ Bxf6
15. b3 Ba6 16. c4 Qb6 17. Be3 Qc7 18. Rc1 b6 19. f4 Nc6 20. Nxc6 Bb2 21. Rc2 Ba3
22. Nd4 Bb4 23. Ree2 Bc5 24. Bf2 Qd7 25. Red2 Bb4 26. Rd3 Rfd8 27. a3 Bc5 28. b4
Bxd4 29. Rxd4 Qc7 30. f5 e5 31. fxe6 fxe6 32. Qg4 Qe7 33. Bf1 Rc7 34. Be3 Re8
35. Bg5 Qg7 36. Rxd6 Rf7 37. Rcd2 Rxf1+ 38. Kxf1 Bxc4+ 39. Kg2 Qa1 40. Qd1 Qe5
41. Bf4 Qxe4+ 42. Qf3 Qf5 43. Rd8 Qf8 44. Rxe8 Qxe8 45. Qe3 Qc6+ 46. Kg1 Bd5 47.
Rf2 Be4 48. Bh6 Bf5 49. Qe5 Qd7 50. Rd2 Qe7 {Black resigns} 1-0

[Event "Team 45 45 League T39"]
[Site "Internet Chess Club"]
[Date "2008.12.11"]
[Round "8"]
[White "Chessduke"]
[Black "jorobo"]
[Result "1/2-1/2"]
[WhiteElo "2110"]
[BlackElo "2152"]
[Opening "Two knights defense"]
[ECO "C56"]
[Time "11:32:41"]
[TimeControl "2700+45"]

1. e4 e5 2. Nf3 Nc6 3. Bc4 Nf6 4. d4 exd4 5. O-O Nxe4 6. Re1 d5 7. Bxd5 Qxd5 8.
Nc3 Qh5 9. Nxe4 Be6 10. Bg5 Bd6 11. Nxd6+ cxd6 12. Bf4 Qd5 13. c3 Rc8 14. b3 O-O
15. c4 Qc5 16. Ng5 Bf5 17. g4 Bg6 18. Qf3 h6 19. Ne4 Bxe4 20. Qxe4 Rfd8 21. Rac1
Rc7 22. Qd5 Rcd7 23. Qf3 d5 24. g5 hxg5 25. Bxg5 f6 26. Bf4 dxc4 27. Rxc4 Qf5
28. Qg3 Kf7 29. Kf1 g5 30. Bc1 Ne5 31. Ra4 Qd3+ 32. Qxd3 Nxd3 33. Rd1 Nxc1 34.
Rxc1 a6 35. Rd1 Ke6 36. Rd3 Ke5 37. Ke2 Rc8 38. Kd2 g4 39. h3 f5 40. Ra5+ Kf4
41. hxg4 Kxg4 42. Ra4 Rcd8 43. Rc4 Kf4 44. Rc1 Rh7 45. Re1 Rh2 46. Re2 Kg5 47.
Rg3+ Kf6 48. Rf3 Rh4 49. Re1 Rd5 50. Re8 Kf7 51. Rb8 Rb5 52. Rd8 Ke7 53. Rg8 Re4
54. Rg5 Kf6 55. Rg8 Kf7 56. Rd8 Ke7 57. Rh8 Ke6 58. Kd3 Rbe5 59. Rb8 b5 60. Re8+
{Game drawn by mutual agreement} 1/2-1/2

[Event "Team 45 45 League T39"]
[Site "Internet Chess Club"]
[Date "2008.12.11"]
[Round "8"]
[White "chsrules88"]
[Black "Fegary"]
[Result "0-1"]
[WhiteElo "1997"]
[BlackElo "2174"]
[Opening "Sicilian: Kan, 5.Bd3"]
[ECO "B42"]
[Time "14:00:14"]
[TimeControl "2700+45"]

1. e4 c5 2. Nf3 e6 3. d4 cxd4 4. Nxd4 a6 5. Bd3 Nf6 6. O-O d6 7. Bg5 Nc6 8. Nxc6
bxc6 9. Qe2 h6 10. Bh4 Qb6 11. b3 g5 12. Bg3 e5 13. Nc3 h5 14. h4 Ng4 15. Kh1
Be7 16. hxg5 h4 17. Bh2 Nxh2 18. Kxh2 Bxg5 19. Bc4 h3 20. g3 Ra7 21. Rad1 Qa5
22. Na4 Rh6 23. f4 exf4 24. gxf4 Be7 25. Qe3 Rb7 26. f5 Qe5+ 27. Qf4 Bf6 28. Kh1
Qxf4 29. Rxf4 Be5 30. Rg4 Rc7 31. Nb6 Bb7 32. Be2 Ke7 33. Nc4 Bc3 34. Rg3 Bb4
35. c3 Bc5 36. b4 Bf2 37. Rf3 Ba7 38. f6+ Rxf6 39. Rxf6 Kxf6 40. Rxd6+ Ke7 41.
Rh6 c5 42. Rxh3 Bxe4+ 43. Kh2 Bb8 44. Re3 f5 45. bxc5 Rxc5+ 46. Kh3 Bf4 47.
Rxe4+ fxe4 48. Kg4 Bc1 49. Nb6 a5 50. c4 Rg5+ 51. Kh3 Kd6 52. Nd5 Kc5 53. Kh2
Bd2 54. Kh3 Be1 55. Nf6 Rg3+ 56. Kh2 Kd4 57. a4 Ra3 58. Kg2 Rxa4 59. Nd7 Ra2 60.
Kf1 Bb4 61. Nb8 Ke3 62. Bg4 Rf2+ 63. Kg1 a4 64. Na6 Bd6 65. c5 a3 66. Nb4 Bxc5
67. Nd5+ Kd2 {White resigns} 0-1

[Event "Team 45 45 League T39"]
[Site "Internet Chess Club"]
[Date "2008.12.11"]
[Round "8"]
[White "smitty120"]
[Black "lele"]
[Result "0-1"]
[WhiteElo "1983"]
[BlackElo "2176"]
[Opening "Petrov: Cochrane gambit"]
[ECO "C42"]
[Time "15:05:53"]
[TimeControl "2700+45"]

1. e4 e5 2. Nf3 Nf6 3. Nxe5 d6 4. Nxf7 Kxf7 5. d4 Be7 6. Nc3 c6 7. Bd3 Re8 8.
O-O Bg4 9. Qe1 Kg8 10. f4 Be6 11. f5 Bf7 12. Qh4 Nbd7 13. Rf3 Qb6 14. Ne2 Bh5
15. Bc4+ d5 16. Rb3 Qc7 17. Bf4 Qd8 18. exd5 Bxe2 19. Bxe2 Nxd5 20. Qf2 Bh4 21.
Bg3 Bxg3 22. Rxg3 N7f6 23. Rh3 Ne4 24. Qe1 Nf4 25. Re3 Qxd4 26. Bf3 Nd5 {White
resigns} 0-1

[Event "Team 45 45 League T39"]
[Site "Internet Chess Club"]
[Date "2008.12.11"]
[Round "8"]
[White "PaulKaspar"]
[Black "chessateer"]
[Result "1-0"]
[WhiteElo "1787"]
[BlackElo "1821"]
[Opening "Ruy Lopez: Anderssen variation"]
[ECO "C77"]
[Time "10:00:06"]
[TimeControl "2700+45"]

1. e4 e5 2. Nf3 Nc6 3. Bb5 a6 4. Ba4 Nf6 5. d3 d6 6. O-O b5 7. Bb3 Na5 8. c3
Nxb3 9. axb3 g6 10. Bg5 h6 11. Be3 Bg7 12. b4 O-O 13. h3 Bb7 14. Nbd2 Qe7 15.
Nb3 Rad8 16. Qc2 Nd7 17. Nfd2 f5 18. f3 f4 19. Bf2 Nf6 20. d4 Nh5 21. Na5 Bc8
22. Nc6 Qg5 23. h4 Qf6 24. Nxd8 Rxd8 25. dxe5 dxe5 26. Rad1 Ng3 27. Rfe1 Qxh4
28. Bxg3 fxg3 29. Nf1 Rxd1 30. Rxd1 Be6 31. Qd3 Bf6 32. Ra1 Bc4 33. Qe3 Bxf1 34.
Kxf1 Bg5 35. Qa7 Qh1+ 36. Qg1 Qh4 37. Ke2 Qf4 38. Rd1 Be7 39. Qa7 Bd6 40. Qxa6
h5 41. Qxb5 h4 42. Qe8+ Kg7 43. b5 Bc5 44. Qd7+ Kf8 45. Qd8+ {Black resigns} 1-0

[Event "Team 45 45 League T39"]
[Site "Internet Chess Club"]
[Date "2008.12.12"]
[Round "8"]
[White "gezira"]
[Black "playwaycool"]
[Result "1-0"]
[WhiteElo "2276"]
[BlackElo "2071"]
[Opening "Ruy Lopez: closed, Keres (...Nd7) defense"]
[ECO "C96"]
[Time "16:01:24"]
[TimeControl "2700+45"]

1. e4 e5 2. Nf3 Nc6 3. Bb5 a6 4. Ba4 Nf6 5. O-O Be7 6. Re1 b5 7. Bb3 d6 8. c3
O-O 9. h3 Na5 10. Bc2 c5 11. d4 Nd7 12. Nbd2 exd4 13. cxd4 Nc6 14. d5 Nce5 15.
Nxe5 Nxe5 16. f4 Ng6 17. Nf3 Bh4 18. Nxh4 Qxh4 19. f5 Ne5 20. Qd2 Qe7 21. Qf4 f6
22. Re3 Bd7 23. Rg3 Kh8 24. Qh4 b4 25. Bd1 Be8 26. a3 bxa3 27. Raxa3 a5 28. Be2
a4 29. Bd2 Rb8 30. Bc3 c4 31. Bd4 Rb3 32. Bd1 Rd3 33. Rgxd3 cxd3 34. Bxa4 Bxa4
35. Rxa4 Qc7 36. Bc3 d2 37. Rd4 Qa7 38. Qf2 Qa1+ 39. Qf1 Qxf1+ 40. Kxf1 Nc4 41.
Ke2 Rc8 42. b3 d1=Q+ 43. Rxd1 Ne3 44. Rd3 Nxg2 45. Kf3 Nh4+ 46. Kg4 Ng2 47. Kg3
Rb8 48. Bd2 Re8 49. Kxg2 Rxe4 50. Re3 Rxe3 51. Bxe3 Kg8 52. Bf4 Kf7 53. Bxd6 g6
54. Bc5 gxf5 55. Kg3 h5 56. b4 Ke8 57. b5 Kd7 58. b6 f4+ 59. Kxf4 f5 60. Kxf5 h4
61. Ke5 Ke8 62. b7 Kd7 63. Bd6 Ke8 64. Ke6 {Black resigns} 1-0